 Dungeon Crawl Stone Soup version 0.19.1-1-g22dce08 (webtiles) character file.

205757 ImaNewbie the Spry (level 18, -12/83 HPs)
             Began as a Spriggan Enchanter on Jan 13, 2017.
             Was the Champion of Dithmenos.
             Mangled by a nagaraja
             ... wielding a +0 flail
              (20 damage)
             ... on level 4 of the Snake Pit on Jan 14, 2017.
             The game lasted 04:12:10 (43701 turns).

ImaNewbie the Spry (Spriggan Enchanter)            Turns: 43701, Time: 04:12:11

Health: -12/83     AC: 14    Str:  6    XL:     18   Next: 42%
Magic:  1/53       EV: 31    Int: 17    God:    Dithmenos [******]
Gold:   1636       SH: 13    Dex: 24    Spells: 10 memorised, 15 levels left

rFire  + . .     SeeInvis +     Y - +4 iron rod (8/14)
rCold  + . .     Gourm    .     e - +1 troll leather armour "Diunlise" {MR+ Regen+ MP+9}
rNeg   . . .     Faith    .     y - +1 buckler of Jonluulueps {rElec rF+ rCorr Int-3}
rPois  +         Spirit   .     x - +1 hat {Int+3}
rElec  +         Reflect  +     U - +1 cloak {rC+}
rCorr  +         Harm     .     (gloves unavailable)
MR     ++++.                    (boots unavailable)
Stlth  +++++++++.               P - +3 amulet of reflection
                                O - +3 ring of protection
                                K - ring of magical power

@: lethally poisoned (-12 -> -12), wreathed by umbra, constricted, repel
missiles, very quick
A: unfitting armour, hooves 1, horns 1, thin metallic scales 1, see invisible,
agile 1, herbivore 3, speed 3, frail 1, poison resistance, slow metabolism 2
a: Shadow Step, Shadow Form, Renounce Religion


You were on level 4 of the Snake Pit.
You worshipped Dithmenos.
Dithmenos was exalted by your worship.
You were not hungry.

You visited 7 branches of the dungeon, and saw 32 of its levels.
You also visited: Labyrinth and Ice Cave.

You collected 3491 gold pieces.
You spent 1855 gold pieces at shops.

Inventory:

Hand Weapons
 a - a +2 short sword of electrocution
 b - a +3 blowgun
 w - a +2 dagger of holy wrath
 V - a +1 short sword of venom
Missiles
 C - 958 arrows
 N - 66 poisoned needles
 W - 8 curare-tipped needles
Armour
 e - the +1 troll leather armour "Diunlise" (worn) {MR+ Regen+ MP+9}
   (You bought it in a shop on level 8 of the Dungeon)

   It affects your resistance to hostile enchantments.
   It affects your magic capacity (+9).
   It increases your rate of regeneration.
 x - a +1 hat of intelligence (worn)
 y - the +1 buckler of Jonluulueps (worn) {rElec rF+ rCorr Int-3}
   (You found it on level 6 of the Lair of Beasts)

   It affects your intelligence (-3).
   It protects you from fire.
   It insulates you from electricity.
   It protects you from acid and corrosion.
 J - a +1 robe of cold resistance
 U - a +1 cloak of cold resistance (worn)
Rods
 Y - a +4 iron rod (8/14) (in hand)
   (You found it in a labyrinth)
Jewellery
 z - an uncursed ring of protection from fire
 B - the ring of Abstinence {+Fly rN+}
   (You found it in a labyrinth)

   [ring of flight]

   It protects you from negative energy.
   It lets you fly.
 K - a ring of magical power (left hand)
 O - a +3 ring of protection (right hand)
 P - a +3 amulet of reflection (around neck)
Wands
 i - a wand of digging (14/24)
 q - a wand of acid (7/15)
 I - a wand of disintegration (13/24)
 Q - a wand of lightning (6/15)
 R - a wand of iceblast (3/15)
Scrolls
 g - 4 scrolls of amnesia
 j - 6 scrolls of fear
 m - 13 scrolls of teleportation
 n - 5 scrolls of enchant armour
 o - 6 scrolls of recharging
 r - 5 scrolls of identify
 A - 3 scrolls of blinking
 D - 5 scrolls of enchant weapon
 G - 2 scrolls of fog
 H - 6 scrolls of magic mapping
 S - 4 scrolls of remove curse
 T - 3 scrolls of holy word
Potions
 c - 4 potions of invisibility
 f - 13 potions of curing
 h - 4 potions of heal wounds
 k - 7 potions of flight
 l - 5 potions of magic
 p - a potion of resistance
 s - a potion of ambrosia {unknown}
 t - 2 potions of cancellation
 u - 8 potions of agility
 v - 2 potions of lignification
 E - 4 potions of might
 L - 6 potions of brilliance
 M - a potion of haste
 X - 2 potions of berserk rage
Comestibles
 d - 18 bread rations
 F - a royal jelly


   Skills:
 - Level 10.0 Fighting
 - Level 12.0 Short Blades
   Level 11.0 Bows
 - Level 6.1 Armour
 - Level 17.1 Dodging
 - Level 13.5 Stealth
 - Level 8.2 Shields
 + Level 12.9 Spellcasting
 - Level 17.0 Hexes
 - Level 7.0 Charms
 - Level 5.0 Necromancy
 - Level 8.6 Translocations
 - Level 7.0 Evocations


You had 15 spell levels left.
You knew the following spells:

 Your Spells              Type           Power        Failure   Level  Hunger
a - Ensorcelled Hibernat  Hex/Ice        #####.       1%          2    None
b - Corona                Hex            ######.      0%          1    None
c - Tukima's Dance        Hex            ######..     1%          3    None
d - Confuse               Hex            ######..     1%          3    None
e - Dazzling Spray        Conj/Hex       #####.       1%          3    None
f - Gell's Gravitas       Hex/Tloc       ######....   1%          3    None
g - Blink                 Tloc           N/A          1%          2    None
h - Darkness              Hex            ######....   1%          6    ######.
i - Repel Missiles        Chrm/Air       ###...       3%          2    None
j - Corpse Rot            Necr           N/A          1%          2    None


Dungeon Overview and Level Annotations

Branches:
Dungeon (15/15)            Temple (1/1) D:5            Lair (6/6) D:8
  Swamp (3/4) Lair:4        Snake (4/4) Lair:4        Slime (0/5) Lair:5
    Orc (2/2) D:9             Elf (1/3) Orc:2        Vaults (0/5) D:14
 Depths (0/5) D:15

Altars:
Ashenzari
Cheibriados
Dithmenos
Elyvilon
Fedhas
Gozag
Hepliaklqana
Kikubaaqudgha
Makhleb
Nemelex Xobeh
Okawaru
Qazlal
Ru
Sif Muna
Trog
Uskayaw
Vehumet
Xom
Yredelemnul
Zin
The Shining One
Beogh

Shops:
D:8 (%[   D:13 }   Orc:2 :(%*?   Snake:1 *([

Portals:
Hell: Lair:6
Trove: Elf:1 (give sword of Zonguldrok)

Annotations:
D:12 2 runed doors, exclusion: door
Swamp:2 exclusion: Roxanne, Roxanne
Swamp:3 Mara


Innate Abilities, Weirdness & Mutations

You are very small and have problems with some larger weapons.
You are too small for most types of armour.
You have supernaturally acute eyesight. (SInv)
You are a herbivore.
You cover ground extremely quickly.
You need consume almost no food.
You have large cloven feet.
You have a pair of small horns on your head.
You are partially covered in thin metallic scales. (AC +2)
You are agile. (Dex +2)
You are frail. (-10% HP)
Your system is resistant to poisons. (rPois)


Message History

Your +2 short sword of electrocution stops crackling.
Y - a +4 iron rod (14/14) (in hand)
The naga spits poison at you.
The splash of poison reflects off an invisible shield around you!
The splash of poison hits the naga.
The naga appears unharmed.
Aiming: Scattershot
Press: ? - help, Shift-Dir - straight line, f - nagaraja, p - naga
Aim: a nagaraja, wielding a flail and wearing a robe (black smoke, severely wounded, constricting you, fast, catching its breath, umbra)
The burst of metal fragments hits the nagaraja. x3
The burst of metal fragments hits the naga sharpshooter. x2
The burst of metal fragments hits the nagaraja.
The naga sharpshooter is severely wounded.
The nagaraja is severely wounded.
You feel sick.
The nagaraja gestures at you while chanting.
The bolt of poison hits you! You resist.
* * * LOW HITPOINT WARNING * * *
The bolt of poison hits the naga.
The nagaraja constricts you. You block the naga's attack.
The nagaraja hits you with a flail!!
You die...

......)[......############.N.##..
..............§N@NNNNNSN(SNN.....
..............###################
###...........###
###.............#
.##............##
.#.............##
###.............##
#.....)..........#
##.#........<#÷.##
#.##.......[....#
#.#.............#
#......))...)..##
#..#.)[).).)...##
####p...)[.)...)# #.......).)...#
#............##


You could see a nagaraja, a naga sharpshooter and a naga.

Vanquished Creatures
  Saint Roka (Snake:4)
  Vashnia (Snake:2)
  Gastronok (D:8)
  Frances (Swamp:1)
  Kirke (Snake:4)
  Donald (Elf:1)
  3 nagarajas
  Aizul (Lair:4)
  The ghost of Execuda the Fighter, a journeyman GrBe of Trog (D:15)
  2 dire elephants
  A white draconian (IceCv)
  2 deep elf death magi (Elf:1)
  Josephine (D:13)
  A minotaur (Lab)
  5 vault guards (Elf:1)
  Harold (Lair:3)
  3 centaur warriors
  19 hydras
  2 catoblepae (Lair:4)
  7 naga warriors
  A ghost crab (Swamp:1)
  6 dancing weapons
  2 alligators
  11 anacondas
  6 shock serpents
  11 death yaks
  A tengu warrior (D:15)
  2 orc high priests
  9 naga sharpshooters
  Nergalle (D:11)
  5 deep elf knights (Elf:1)
  A sun demon (Lair:6)
  Sonja (Lair:4)
  2 salamander mystics
  A sixfirhy (Lair:6)
  6 swamp dragons
  11 skeletal warriors
  A sea snake (Snake:2)
  A spriggan druid (Swamp:3)
  A wizard (Lair:6)
  4 naga ritualists
  4 hill giants
  4 orc knights
  Pikel (D:7)
  4 deep elf archers (Elf:1)
  A wolf spider zombie (D:13)
  2 shambling mangroves
  16 deep elf magi
  A necromancer (Elf:1)
  4 ugly things
  A wolf spider (D:15)
  9 mana vipers
  2 manticores
  An orc sorcerer (Orc:2)
  4 cyclopes
  13 elephants
  11 salamanders
  26 black mambas
  5 guardian serpents
  3 centaur zombies
  20 naga magi
  A molten gargoyle (D:13)
  A torpor snail (Lair:5)
  A gargoyle (D:12)
  A kobold demonologist (D:14)
  14 spiny frogs
  4 orange demons (Lair:6)
  3 centaur skeletons
  4 rime drakes
  A redback zombie (D:15)
  4 komodo dragons
  A hellwing (Lair:6)
  6 ice devils
  14 polar bears
  A tengu conjurer (D:15)
  13 trolls
  7 tyrant leeches
  A wind drake (shapeshifter) (D:14)
  12 hornets
  7 bog bodies
  10 hippogriffs
  Prince Ribbit (D:7)
  16 blink frogs
  Grinder (D:3)
  2 two-headed ogres
  35 slime creatures
  5 shadows
  15 spriggans
  3 wyverns
  Sigmund (D:3)
  5 wraiths
  A large abomination (Elf:1)
  A vampire (D:9)
  A hog (shapeshifter) (Elf:1)
  A human (D:8)
  A steam dragon (D:8)
  39 yaks
  A hungry ghost (D:12)
  A basilisk (Lair:6)
  3 hogs (D:8)
  A fire elemental (Elf:1)
  20 vampire mosquitoes
  9 swamp worms
  3 wargs (Orc:1)
  2 mottled dragons
  27 nagas
  13 water moccasins
  A hell hound (Lair:6)
  Duvessa (D:7)
  6 porcupines
  A slave (D:7)
  6 swamp drakes
  38 orc warriors
  An eye of draining (D:15)
  6 sky beasts
  2 phantoms
  A black bear (D:7)
  10 ice beasts
  16 ogres
  13 wolves
  3 necrophages
  3 boggarts (D:13)
  25 centaurs
  13 crocodiles
  2 elf zombies (Elf:1)
  A big kobold (D:10)
  15 bullfrogs
  A gnoll sergeant (D:9)
  14 scorpions
  Dowan (D:7)
  13 killer bees
  10 wights
  4 howler monkeys
  5 electric eels
  9 crimson imps
  2 bullfrog zombies
  2 quasits
  3 jellies
  2 bullfrog skeletons
  23 orc priests
  11 hounds
  5 iguanas
  A gnoll shaman (D:5)
  Ijyb (D:3)
  22 orc wizards
  14 worker ants
  Natasha (thrice) (D:4)
  3 hound skeletons
  A worker ant zombie (D:9)
  Robin (D:3)
  9 gnolls
  17 adders
  2 shadow imps
  An ooze (D:3)
  3 adder skeletons
  2 adder zombies
  2 worms (D:2)
  3 dart slugs
  8 leopard geckos
  94 orcs
  3 ball pythons
  13 bats
  6 giant cockroaches
  9 hobgoblins
  4 jackals (D:4)
  6 quokkas
  3 frilled lizards
  15 goblins
  A jackal skeleton (D:7)
  12 kobolds
  A leopard gecko skeleton (D:7)
  2 quokka skeletons
  6 rats
  2 fungi (Lair:4)
1124 creatures vanquished.

Vanquished Creatures (collateral kills)
  Erolcha (D:9)
  A skeletal warrior (D:12)
  2 yaks (IceCv)
  A wolf (IceCv)
  An orc wizard (D:9)
6 creatures vanquished.

Vanquished Creatures (others)
  2 naga sharpshooters
  2 dancing weapons
  2 humans (Snake:4)
  An orc warrior (Orc:2)
  20 fungi
  5 plants
32 creatures vanquished.

Grand Total: 1162 creatures vanquished

Notes
Turn   | Place    | Note
-------+----------+-------------------------------------------
     0 | D:1      | ImaNewbie the Spriggan Enchanter began the quest for the Orb.
     0 | D:1      | Reached XP level 1. HP: 9/9 MP: 5/5
     2 | D:1      | Noticed a gargoyle
     2 | D:1      | Noticed a demigod
     6 | D:1      | Noticed a centaur
     6 | D:1      | Noticed a dwarf
     8 | D:1      | Noticed a human
     8 | D:1      | Noticed a demonspawn
    10 | D:1      | Noticed a spriggan
    10 | D:1      | Noticed a minotaur
    12 | D:1      | Noticed a merfolk
    12 | D:1      | Noticed a formicid
    14 | D:1      | Noticed a felid
    14 | D:1      | Noticed a draconian
    16 | D:1      | Noticed a vine stalker
    16 | D:1      | Noticed a ghoul
    18 | D:1      | Noticed a vampire
    18 | D:1      | Noticed a troll
    20 | D:1      | Noticed a naga
    22 | D:1      | Noticed a halfling
    22 | D:1      | Noticed an elf
    24 | D:1      | Noticed a tengu
    24 | D:1      | Noticed an octopode
    26 | D:1      | Noticed an ogre
   411 | D:1      | Reached XP level 2. HP: 5/13 MP: 6/6
   415 | D:1      | Learned a level 2 spell: Ensorcelled Hibernation
   867 | D:1      | Found a shadowy altar of Dithmenos.
  1045 | D:1      | Became a worshipper of Dithmenos the Shadowed
  1461 | D:2      | Found a hazy altar of Hepliaklqana.
  1564 | D:1      | Reached XP level 3. HP: 16/16 MP: 0/8
  1743 | D:2      | Found a white marble altar of Elyvilon.
  1916 | D:2      | Reached skill level 5 in Hexes
  1916 | D:2      | Reached XP level 4. HP: 20/21 MP: 6/9
  2046 | D:3      | Reached * piety under Dithmenos
  2081 | D:3      | Noticed Sigmund
  2554 | D:3      | Killed Sigmund
  2554 | D:3      | Reached skill level 5 in Spellcasting
  2554 | D:3      | Reached XP level 5. HP: 24/24 MP: 5/13
  2574 | D:3      | Learned a level 3 spell: Tukima's Dance
  2578 | D:3      | Learned a level 3 spell: Confuse
  2582 | D:3      | Learned a level 3 spell: Dazzling Spray
  2642 | D:3      | Reached ** piety under Dithmenos
  2642 | D:3      | Reached XP level 6. HP: 25/28 MP: 15/15
  2681 | D:3      | Noticed Grinder
  2725 | D:3      | Noticed Robin
  2763 | D:3      | Killed Robin
  2826 | D:3      | Killed Grinder
  3069 | D:3      | Noticed Ijyb
  3075 | D:3      | Paralysed by Ijyb for 3 turns
  3080 | D:3      | Killed Ijyb
  3080 | D:3      | Reached XP level 7. HP: 30/32 MP: 9/16
  3898 | D:4      | Noticed Natasha
  3919 | D:4      | Killed Natasha
  3964 | D:4      | Reached *** piety under Dithmenos
  4355 | D:4      | Noticed Natasha
  4361 | D:4      | Killed Natasha
  4818 | D:5      | Entered Level 5 of the Dungeon
  4911 | D:5      | Found a burning altar of Makhleb.
  4918 | D:4      | Reached XP level 8. HP: 32/36 MP: 16/20
  5198 | D:5      | Found a staircase to the Ecumenical Temple.
  5208 | Temple   | Entered the Ecumenical Temple
  5724 | D:4      | Noticed Natasha
  5732 | D:4      | Killed Natasha
  6701 | D:5      | Found a shadowy altar of Dithmenos.
  6738 | D:5      | Reached skill level 5 in Stealth
  6746 | D:5      | Reached **** piety under Dithmenos
  6820 | D:5      | Reached XP level 9. HP: 36/39 MP: 11/23
  6832 | D:5      | Found a radiant altar of Vehumet.
  6945 | D:5      | Reached skill level 5 in Dodging
  7242 | D:5      | Found a stormy altar of Qazlal.
  7451 | D:5      | Found a staircase to the Ecumenical Temple.
  7458 | D:5      | Found a burning altar of Makhleb.
  7484 | D:5      | Found a shadowy altar of Dithmenos.
  7519 | D:5      | Found a radiant altar of Vehumet.
  7683 | D:5      | Found a stormy altar of Qazlal.
  8613 | D:6      | Found a faded altar of an unknown god.
  8613 | D:6      | Found a hide-covered altar of Uskayaw.
  8618 | D:6      | Found a faded altar of an unknown god.
  8620 | D:6      | Found a faded altar of an unknown god.
  8621 | D:6      | Found a faded altar of an unknown god.
  8994 | D:7      | Noticed Dowan
  8999 | D:7      | Noticed Duvessa
  9244 | D:7      | Reached skill level 10 in Stealth
  9253 | D:7      | Found a radiant altar of Vehumet.
  9253 | D:7      | Noticed Pikel
  9317 | D:7      | Noticed Prince Ribbit
  9335 | D:7      | Killed Prince Ribbit
  9377 | D:7      | Killed Dowan
  9427 | D:7      | Killed Duvessa
  9427 | D:7      | Reached ***** piety under Dithmenos
  9427 | D:7      | Reached XP level 10. HP: 44/44 MP: 2/24
 10156 | D:7      | Reached skill level 10 in Dodging
 10292 | D:7      | Killed Pikel
 10460 | D:8      | Found Imuosibbua's Weapon Shoppe.
 10462 | D:8      | Found Pimmudaeb's Food Shoppe.
 10463 | D:8      | Found Dutei's Antique Armour Shoppe.
 10463 | D:8      | Found Tuypt's Antique Weapon Shoppe.
 10553 | D:8      | Found a snail-covered altar of Cheibriados.
 11399 | D:8      | Found a staircase to the Lair.
 11584 | D:8      | Reached skill level 1 in Fighting
 11682 | D:8      | Noticed Gastronok
 12423 | D:8      | Killed Gastronok
 12423 | D:8      | Reached XP level 11. HP: 52/52 MP: 25/25
 13162 | D:9      | Noticed Erolcha
 13185 | D:9      | Killed Erolcha
 13620 | D:9      | Reached ****** piety under Dithmenos
 13651 | D:9      | Found a staircase to the Orcish Mines.
 13753 | D:9      | Reached skill level 5 in Fighting
 13809 | D:9      | Found a glowing silver altar of Zin.
 14162 | D:10     | Entered Level 10 of the Dungeon
 14378 | D:10     | Noticed a hill giant
 14443 | D:10     | Killed a hill giant
 14595 | D:10     | Reached skill level 5 in Short Blades
 15293 | D:9      | Gained mutation: Your system is resistant to poisons. (rPois) [potion of mutation]
 15293 | D:9      | Gained mutation: You are agile. (Dex +2) [potion of mutation]
 15294 | D:9      | Gained mutation: You are frail. (-10% HP) [potion of mutation]
 15294 | D:9      | Gained mutation: You are partially covered in thin metallic scales. (AC +2) [potion of mutation]
 15294 | D:9      | Gained mutation: You have a pair of small horns on your head. [potion of mutation]
 15295 | D:9      | Gained mutation: You possess an exceptional clarity of mind. [potion of mutation]
 15295 | D:9      | Gained mutation: You have large cloven feet. [potion of mutation]
 15295 | D:9      | Lost mutation: You possess an exceptional clarity of mind. [potion of mutation]
 15296 | D:9      | Reached XP level 12. HP: 54/54 MP: 18/26
 15336 | Orc:1    | Entered Level 1 of the Orcish Mines
 15995 | D:8      | Bought an encrusted troll leather armour for 620 gold pieces
 16005 | D:8      | Identified the +1 troll leather armour "Diunlise" {MR+ Regen+ MP+9} (You bought it in a shop on level 8 of the Dungeon)
 16136 | Lair:1   | Entered Level 1 of the Lair of Beasts
 16154 | Lair:1   | Found a frozen archway.
 16164 | Lair:1   | Reached XP level 13. HP: 30/58 MP: 9/27
 16166 | Lair:1   | Reached skill level 1 in Armour
 16289 | IceCv    | Entered an ice cave
 16923 | IceCv    | Noticed a white draconian
 16955 | IceCv    | Killed a white draconian
 16955 | IceCv    | Reached skill level 5 in Armour
 17876 | Lair:1   | Reached skill level 1 in Bows
 18337 | Lair:2   | Reached skill level 5 in Bows
 19396 | Lair:3   | Noticed Harold
 19403 | Lair:3   | Killed Harold
 19800 | Lair:4   | Noticed Sonja
 19809 | Lair:4   | Killed Sonja
 19898 | Lair:4   | Found a labyrinth entrance.
 19924 | Lab      | Entered a labyrinth
 20264 | Lab      | Noticed a minotaur
 20278 | Lab      | Killed a minotaur
 20305 | Lab      | Got a faintly glowing iron ring
 20434 | Lair:4   | Found a staircase to the Snake Pit.
 20497 | Lair:4   | Found a staircase to the Swamp.
 20542 | Lair:4   | Found an opulent altar of Gozag.
 20758 | Lair:4   | Reached skill level 10 in Bows
 20975 | Lair:4   | Learned a level 3 spell: Gell's Gravitas
 21011 | Lair:4   | Reached XP level 14. HP: 62/62 MP: 28/28
 21274 | Lair:4   | Reached skill level 1 in Translocations
 21274 | Lair:4   | Reached skill level 1 in Evocations
 22085 | Lair:5   | Reached skill level 5 in Translocations
 22113 | Lair:5   | Reached skill level 5 in Evocations
 22956 | Lair:5   | Identified the ring of Abstinence {+Fly rN+} (You found it in a labyrinth)
 23337 | Lair:5   | Found a staircase to the Slime Pits.
 23660 | Snake:1  | Entered Level 1 of the Snake Pit
 24145 | Swamp:1  | Entered Level 1 of the Swamp
 24157 | Swamp:1  | Reached skill level 1 in Shields
 24476 | Swamp:1  | Noticed Aizul
 24778 | Lair:4   | Killed Aizul
 24848 | Swamp:1  | Noticed Frances
 25187 | Orc:2    | Entered Level 2 of the Orcish Mines
 25323 | Orc:1    | Found a roughly hewn altar of Beogh.
 25391 | Orc:1    | Reached skill level 5 in Shields
 25555 | Orc:2    | Found Peptutt's Magic Scroll Shoppe.
 25749 | Orc:2    | Reached XP level 15. HP: 52/65 MP: 29/29
 26485 | Orc:2    | Found a staircase to the Elven Halls.
 26739 | Orc:2    | Found Sauryifiak's Food Shoppe.
 26739 | Orc:2    | Found Buyqef's Antique Weapon Shop.
 26741 | Orc:2    | Found Coink's Book Boutique.
 26742 | Orc:2    | Found Gychotzi's General Store.
 26945 | Orc:2    | Bought a book of Dreams for 975 gold pieces
 26945 | Orc:2    | Bought a book of Minor Magic for 260 gold pieces
 26948 | Orc:2    | Learned a level 2 spell: Blink
 26955 | Orc:2    | Learned a level 6 spell: Darkness
 26958 | Orc:2    | Learned a level 2 spell: Repel Missiles
 27258 | Lair:6   | Entered Level 6 of the Lair of Beasts
 27777 | Lair:6   | Found a burning altar of Makhleb.
 28059 | Lair:6   | Found a gateway to Hell.
 28074 | Lair:6   | Got a warped amber ring
 28080 | Lair:6   | Identified the ring of Zailyr {*Corrode +Blink rF+ MR+} (You found it on level 6 of the Lair of Beasts)
 28086 | Lair:6   | Got a distressingly furry buckler
 28094 | Lair:6   | Identified the +1 buckler of Jonluulueps {rElec rF+ rCorr Int-3} (You found it on level 6 of the Lair of Beasts)
 28184 | Lair:6   | Reached skill level 1 in Charms
 29279 | Snake:1  | Reached skill level 5 in Charms
 29491 | Snake:1  | Found Saenuanku's Antique Armour Boutique.
 29492 | Snake:1  | Found Luomibet's Jewellery Boutique.
 29492 | Snake:1  | Found Qovvanek's General Store.
 29495 | Snake:1  | Found Sam Buus's Antique Weapon Shop.
 29959 | Snake:2  | Reached skill level 15 in Hexes
 30268 | Snake:2  | Reached XP level 16. HP: 69/69 MP: 30/30
 30541 | Snake:2  | Noticed Vashnia
 31310 | Snake:2  | Killed Vashnia
 31768 | Snake:3  | Reached skill level 15 in Dodging
 33288 | Swamp:1  | Killed Frances
 34042 | Swamp:2  | Found a sacrificial altar of Ru.
 34167 | Swamp:2  | Noticed Roxanne
 34291 | Swamp:2  | Reached skill level 10 in Short Blades
 35211 | Swamp:3  | Noticed Mara
 35405 | Swamp:3  | Reached XP level 17. HP: 72/72 MP: 31/31
 36184 | Elf:1    | Entered Level 1 of the Elven Halls
 36543 | Elf:1    | Identified the Grimoire of Necromancy
 36548 | Elf:1    | Learned a level 2 spell: Corpse Rot
 36847 | Elf:1    | Reached skill level 1 in Necromancy
 37064 | Elf:1    | Noticed Donald
 37167 | Elf:1    | Found a portal to a secret trove of treasure.
 37418 | Elf:1    | Killed Donald
 37516 | Elf:1    | Reached skill level 5 in Necromancy
 38059 | D:11     | Noticed Nergalle
 38065 | D:11     | Killed Nergalle
 38516 | D:12     | Found a runed door.
 39305 | D:12     | Found a runed door.
 39628 | D:13     | Found Laatih's Gadget Emporium.
 39902 | D:13     | Noticed Josephine
 39905 | D:13     | Killed Josephine
 40631 | D:14     | Found a gate to the Vaults.
 41353 | D:15     | Entered Level 15 of the Dungeon
 41467 | D:15     | Found a staircase to the Depths.
 41530 | D:15     | Reached XP level 18. HP: 56/83 MP: 20/32
 41588 | D:15     | Reached skill level 10 in Fighting
 41796 | D:15     | Noticed Execuda's ghost (journeyman GrBe)
 41830 | D:15     | Reached skill level 10 in Spellcasting
 42458 | D:15     | Killed Execuda's ghost
 42793 | Snake:4  | Entered Level 4 of the Snake Pit
 42875 | Snake:4  | Noticed Kirke
 42882 | Snake:4  | Killed Kirke
 42920 | Snake:4  | Noticed Saint Roka
 43290 | Snake:4  | Killed Saint Roka
 43701 | Snake:4  | Mangled by a nagaraja

Skill      XL: |  1  2  3  4  5  6  7  8  9 10 11 12 13 14 15 16 17 18 |
---------------+-------------------------------------------------------+-----
Hexes          | 4 5 6 8 9 13 15 17 | 17.0
Short Blades   | 2 3 4 6 8 11 12 | 12.0
Spellcasting   | 5 7 9 12 | 12.9
Stealth        | 5 10 13 | 13.5
Dodging        | 4 9 12 14 16 17 | 17.1
Fighting       | 3 5 9 10 | 10.0
Armour         | 6 |  6.1
Bows           | 10 11 | 11.0
Translocations | 8 |  8.6
Evocations     | 7 |  7.0
Shields        | 5 8 |  8.2
Charms         | 7 |  7.0
Necromancy     | 5 |  5.0

Action                   |  1- 3 |  4- 6 |  7- 9 | 10-12 | 13-15 | 16-18 || total
-------------------------+-------+-------+-------+-------+-------+-------++-------
Melee: Dagger            |   124 |   194 |   549 |   513 |   957 |   214 ||  2551
       Short sword       |       |       |       |    56 |       |   942 ||   998
       Kick              |       |       |       |    17 |   250 |   359 ||   626
       Headbutt          |       |       |       |     9 |   186 |   228 ||   423
 Fire: Blowgun           |       |       |     2 |    55 |    15 |       ||    72
       Shortbow          |       |       |       |       |    15 |    33 ||    48
 Cast: Ensorcelled Hiber |    11 |     9 |    75 |   101 |   168 |   125 ||   489
       Confuse           |       |     2 |    38 |    24 |    71 |    93 ||   228
       Dazzling Spray    |       |     1 |     7 |    23 |   174 |   212 ||   417
       Tukima's Dance    |       |       |       |     3 |     2 |    34 ||    39
       Gell's Gravitas   |       |       |       |       |    29 |    24 ||    53
       Repel Missiles    |       |       |       |       |     2 |     5 ||     7
       Corpse Rot        |       |       |       |       |       |     2 ||     2
Invok: Shadow Step       |       |       |       |       |     3 |     4 ||     7
Evoke: Wand              |       |       |       |     1 |     2 |       ||     3
       Rod               |       |       |       |       |     1 |     1 ||     2
  Use: Scroll            |       |     1 |    16 |    12 |     7 |     7 ||    43
       Potion            |       |       |       |     4 |       |     1 ||     5
 Stab: Sleeping          |     9 |     7 |    50 |    85 |   162 |   175 ||   488
       Confused          |       |     1 |    20 |    15 |    51 |    50 ||   137
       Invisible         |       |       |     2 |    10 |    73 |    57 ||   142
       Distracted        |       |       |     1 |     2 |     3 |     6 ||    12
       Petrified         |       |       |       |       |     2 |       ||     2
  Eat: Pizza             |       |       |     2 |     1 |     9 |     2 ||    14
       Bread ration      |       |       |     1 |       |       |     2 ||     3
       Royal jelly       |       |       |       |     2 |       |       ||     2
       Fruit             |       |       |       |       |       |     2 ||     2
Armor: Robe              |    13 |    27 |    58 |    33 |     4 |       ||   135
       Troll leather arm |       |       |       |     2 |    65 |    49 ||   116
Dodge: Dodged            |    82 |   168 |   503 |   411 |   861 |   766 ||  2791
       Deflected         |       |       |       |       |     6 |    28 ||    34
Block: Other             |       |       |       |    14 |    84 |     4 ||   102
       Reflection        |       |       |       |       |    24 |    62 ||    86
       Buckler           |       |       |       |       |   108 |   578 ||   686
